 Dungeon Crawl Stone Soup version 0.31.0-11-ge490571c62 (webtiles) character file.

Game seed: 4167448284285299813

35 qw the Shooter (level 3, 0/20 HPs)
             Began as a Deep Elf Hunter on Feb 3, 2024.
             Killed from afar by Sigmund (5 damage)
             ... with a magic dart
             ... on level 2 of the Dungeon.
             The game lasted 00:00:13 (678 turns).

qw the Shooter (Deep Elf Hunter)                     Turns: 678, Time: 00:00:14

Health: 0/20       AC:  3    Str: 10    XL:     3   Next: 17%
Magic:  5/5        EV: 12    Int: 13    God:
Gold:   92         SH:  0    Dex: 18    Spells: 2/2 levels left

rFire   . . .        a - +0 shortbow
rCold   . . .        (shield currently unavailable)
rNeg    . . .        c - +0 leather armour
rPois   .            (no helmet)
rElec   .            (no cloak)
rCorr   .            (no gloves)
SInv    .            (no boots)
Will    .....        (no amulet)
Stlth   ++           (no ring)
HPRegen 0.23/turn    (no ring)
MPRegen 0.09/turn

%: no passive effects
@: no status effects
A: no striking features
a: no special abilities


You were on level 2 of the Dungeon.
You visited 1 branch of the dungeon, and saw 2 of its levels.

You collected 92 gold pieces.


   Skills:
 - Level 1.5 Fighting
 + Level 6.8 Ranged Weapons
 - Level 2.4 Dodging
 - Level 1.2 Stealth


You had 2 spell levels left.
You didn't know any spells.
Your spell library was empty.

Inventory:

Hand Weapons
 a - a +0 shortbow (weapon)
Armour
 c - a +0 leather armour (worn)
Potions
 d - a potion of invisibility {unknown}

Dungeon Overview and Level Annotations

Branches:
Dungeon (2/15)

Altars:

Annotations:
D:2 Sigmund


Message History

A goblin comes into view. It is wielding a +0 club.
You shoot an arrow. The arrow hits the goblin.
You kill the goblin!
You see here a +0 short sword.
You now have 92 gold pieces (gained 4).
Sigmund the Dreaded comes into view.
He is wielding a +0 scythe.
Sigmund shouts!
You shoot an arrow. The arrow hits Sigmund.
Sigmund is lightly wounded.
An adder comes into view.
666 ||| RETREEEEATING.
A jackal comes into view.
You shoot an arrow. The jackal barks!
The arrow hits the jackal but does no damage.
You shoot an arrow. The arrow closely misses the jackal.
The arrow closely misses the adder.
670 ||| RETREEEEATING.
Sigmund barely misses you.
A jackal comes into view.
672 ||| RETREEEEATING.
You shoot an arrow. The arrow closely misses Sigmund.
Sigmund mumbles some strange words.
Sigmund flickers and vanishes!
Deactivating autopickup; reactivate with Ctrl-A.
You hear a bark!
You shoot an arrow.
You hear a bark!
Something hits you.
You shoot an arrow. You shoot an arrow.
You hear a bark!
Something hits you.
You shoot an arrow. Something hits you!
Ouch! That really hurt!
You shoot an arrow.
A magic dart appears from out of thin air!
The magic dart hits you.
You die...

..h ..## ... ..#
.S .# ####{####
######.@.....#
#......##.##.#
####.####.##.# #
#.....)......# .##
#.##.#.##.#####)..
##.#.##.........
#)............#
##.#).........#
#.##.#.........#


There were no monsters in sight!

Vanquished Creatures
  A gnoll (D:1)
  A ball python (D:1)
  3 bats (D:1)
  3 endoplasms (D:1)
  4 goblins
  4 hobgoblins (D:1)
  2 jackals (D:1)
  A frilled lizard (D:1)
  4 rats (D:1)
23 creatures vanquished.

Notes
Turn   | Place    | Note
-------+----------+-------------------------------------------
     0 | D:1      | qw the Deep Elf Hunter began the quest for the Orb.
     0 | D:1      | Reached XP level 1. HP: 12/12 MP: 3/3
     0 | D:1      | 0 ||| qw: Version: 0.3-a-155-g5e7d8dd
     0 | D:1      | 0 ||| qw: Game counter: 3099
     0 | D:1      | 0 ||| qw: Melee chars always use a shield: true
     0 | D:1      | 0 ||| qw: God list: Okawaru
     0 | D:1      | 0 ||| qw: Allow faded altars: false
     0 | D:1      | 0 ||| qw: Do Orc after clearing Dungeon:15 true
     0 | D:1      | 0 ||| qw: Do second Lair branch before Depths: true
     0 | D:1      | 0 ||| qw: Lair rune preference: random
     0 | D:1      | 0 ||| qw: Goals: Normal
     0 | D:1      | 0 ||| PLANNING D:1-11
   189 | D:1      | Reached skill level 6 in Ranged Weapons
   189 | D:1      | Reached XP level 2. HP: 16/16 MP: 4/4
   439 | D:1      | Reached XP level 3. HP: 20/20 MP: 5/5
   626 | D:1      | 626 ||| DROPPING scroll of butterflies.
   664 | D:2      | Noticed Sigmund
   666 | D:2      | 666 ||| RETREEEEATING.
   670 | D:2      | 670 ||| RETREEEEATING.
   672 | D:2      | 672 ||| RETREEEEATING.
   677 | D:2      | HP: 5/20 [something (11)]
   678 | D:2      | Killed from afar by Sigmund

Levels and vault maps discovered:
D:1:      dpeg_arrival_chambers_temple_mockup, layout_rooms,
          corexii_item_surrounded_by_moat, minmay_misc_feat_more_columns,
          nicolae_grassy_gnolls
D:2:      layout_loops_cross, uniq_jessica, uniq_natasha, uniq_sigmund

Skill      XL: |  1 |
---------------+----+-----
Ranged Weapons | 6 |  6.8
Fighting       | |  1.5
Dodging        | |  2.4
Stealth        | |  1.2

Action                     || total
---------------------------++-------
   Fire: Shortbow          ||    68
 Armour: Leather armour    ||    19
  Dodge: Dodged            ||    12

Table legend:
 A = Non-vault XP
 B = Vault XP
 C = Vault XP percentage of total XP
 D = Non-vault monster count
 E = Vault monster count
 F = Vault count percentage of total count
                 A         B        C        D         E       F
            +---------+---------+-------+---------+---------+-------
      Total |      36 |      15 |  29.4 |      22 |       1 |   4.3
            +---------+---------+-------+---------+---------+-------
        D:1 |      34 |      15 |  30.6 |      20 |       1 |   4.8
        D:2 |       2 |       0 |   0.0 |       2 |       0 |   0.0
            +---------+---------+-------+---------+---------+-------
